 Dungeon Crawl Stone Soup version 0.20.1-1-g8b1a95d (webtiles) character file.

996 Gargoyl the Covered (level 7, -5/91 HPs)
             Began as a Minotaur Abyssal Knight on Sept 16, 2017.
             Was a Priest of Lugonu.
             Killed by divine providence
             ... invoked by an orc priest
              (10 damage)
             ... on level 6 of the Dungeon.
             The game lasted 00:09:34 (5112 turns).

Gargoyl the Covered (Minotaur Abyssal Knight)       Turns: 5112, Time: 00:09:37

Health: -5/91      AC: 23    Str: 17    XL:     7   Next: 99%
Magic:  5/9        EV:  2    Int: 14    God:    Lugonu [***...]
Gold:   40         SH:  0    Dex: 11    Spells: 6/6 levels left

rFire    . . .     SeeInvis .   u - +1 war axe (chop)
rCold    + . .     Gourm    .   (no shield)
rNeg     + + +     Faith    .   (armour currently unavailable)
rPois    +         Spirit   .   (helmet currently unavailable)
rElec    .         Reflect  .   (cloak currently unavailable)
rCorr    .         Harm     .   (gloves currently unavailable)
MR       .....     Clarity  +   (boots currently unavailable) Stlth +.........NoTele +
                                (no amulet)
Regen    0.3/turn               v - ring of protection from cold
MPRegen  0.2/turn               (no ring)

@: brilliant, tree-form
A: (retaliatory headbutt), clarity, mutation resistance 1
a: Depart the Abyss, Bend Space, Banish, Renounce Religion


You were on level 6 of the Dungeon.
You worshipped Lugonu.
Lugonu was most pleased with you.
You were hungry.
You were a tree.
You visited 1 branch of the dungeon, and saw 6 of its levels.
You visited the Abyss 1 time.

You collected 240 gold pieces.
You spent 200 gold pieces at shops.

Inventory:

Hand Weapons
 a - a +1 hand axe
 u - a +1 war axe of chopping (weapon)
Missiles
 h - 7 javelins (quivered)
Armour
 d - a +2 pair of gloves (melded)
 w - a +0 chain mail (melded)
 y - a +2 hat (melded)
Jewellery
 v - a ring of protection from cold (left branch)
Wands
 x - a wand of confusion (21/48)
 A - a wand of polymorph (12/24)
 B - a wand of enslavement (7/24)
Scrolls
 f - a scroll of fog
 k - 3 scrolls of identify
 o - 4 scrolls of teleportation
 r - a scroll of blinking
 C - a scroll of remove curse
Potions
 b - 2 potions of cancellation
 i - 3 potions of lignification
 j - a potion of invisibility
 l - a potion of berserk rage
 p - 3 potions of curing
 q - a potion of flight
 z - a potion of mutation
Books
 m - a book of Cantrips

   Spells                             Type                      Level
   a - Confusing Touch                Hexes                        1
   b - Animate Skeleton               Necromancy                   1
   c - Summon Small Mammal            Summoning                    1
   d - Apportation                    Translocation                1
 n - a book of Minor Magic

   Spells                             Type                      Level
   a - Magic Dart                     Conjuration                  1
   b - Blink                          Translocation                2
   c - Call Imp                       Summoning                    2
   d - Slow                           Hexes                        2
   e - Conjure Flame                  Conjuration/Fire             3
   f - Mephitic Cloud                 Conjuration/Poison/Air       3
Comestibles
 c - 3 bread rations
 g - 2 meat rations
 s - 3 chunks of flesh
 t - 3 royal jellies


   Skills:
 + Level 5.3 Fighting
 + Level 6.2 Axes
 + Level 1.0 Throwing
 * Level 6.3 Armour
 + Level 2.9 Dodging
 * Level 4.4 Invocations


You had 6 spell levels left.
You didn't know any spells.

Dungeon Overview and Level Annotations

Branches:
Dungeon (6/15)             Temple (0/1) D:4

Altars:
Ashenzari
Cheibriados
Hepliaklqana
Okawaru
Qazlal
Yredelemnul
Zin
The Shining One

Shops:
D:4 ?*


Innate Abilities, Weirdness & Mutations

((You reflexively headbutt those who attack you in melee.))
((You have a pair of horns on your head.))
((You are partially covered in iridescent scales. (AC +2)))
You possess an exceptional clarity of mind.
You are somewhat resistant to further mutation.


Message History

It was a potion of mutation.
You feel extremely strange.
Your thoughts seem clearer.
Iridescent scales grow over part of your body.
You feel genetically stable.
The orc priest hits you but does no damage. x2
The orc priest looks encouraged for a moment.
The orc barely misses you.
It was a potion of brilliance.
You feel clever all of a sudden.
The orc priest hits you but does no damage. x2
The orc priest completely misses you.
Press: ? - help, Shift-Dir - straight line, f - orc priest
Aim: an orc priest, wielding a dagger (heavily wounded, chance to defeat MR: 83%)
The orc priest barely resists.
You are feeling hungry.
The orc hits you but does no damage.
The orc priest hits you but does no damage. x2
The orc priest calls down the wrath of Beogh upon you.
Beogh smites you!
You die...

..... ...
.....#######...
............#
...........#
###.........###
...o..........
#.oo...........
#.o♣..........
####'###.....#
#.###.....#
#...#.....#
#...#.....#
#...#.....#
#...#.....#
#.###.....#
#....#'####


You could see 3 orc priests and an orc.

Vanquished Creatures
  Grinder (D:4)
  An ogre (D:4)
  A phantom (D:6)
  A centaur (D:5)
  A wyvern skeleton (D:6)
  A howler monkey (D:5)
  A crimson imp (D:5)
  2 orc priests (D:4)
  Natasha (thrice) (D:4)
  An orc wizard (D:4)
  2 worker ants
  7 adders
  3 gnolls (D:5)
  An adder zombie (D:5)
  An adder skeleton (D:4)
  3 dart slugs
  5 leopard geckos
  16 orcs
  9 bats
  5 giant cockroaches
  7 goblins
  7 hobgoblins
  9 jackals
  5 quokkas
  2 ball pythons
  6 frilled lizards
  9 kobolds
  A quokka skeleton (D:5)
  5 rats
116 creatures vanquished.

Notes
Turn   | Place    | Note
-------+----------+-------------------------------------------
     0 | Abyss:1  | Gargoyl the Minotaur Abyssal Knight began the quest for the Orb.
     0 | Abyss:1  | Reached XP level 1. HP: 19/19 MP: 1/1
    48 | Abyss:1  | Noticed a worldbinder
    71 | Abyss:1  | Noticed a wraith
   254 | Abyss:1  | Noticed a ynoxinul
   254 | D:1      | Escaped the Abyss
   320 | D:1      | Reached * piety under Lugonu
   401 | D:1      | Reached XP level 2. HP: 9/27 MP: 2/2
   806 | D:1      | Reached XP level 3. HP: 34/34 MP: 3/3
   912 | D:2      | Found a snail-covered altar of Cheibriados.
  1134 | D:2      | Found a hazy altar of Hepliaklqana.
  1838 | D:2      | Reached XP level 4. HP: 41/41 MP: 4/4
  1971 | D:3      | Reached ** piety under Lugonu
  2824 | D:3      | Found a glowing golden altar of the Shining One.
  2891 | D:3      | Reached XP level 5. HP: 47/47 MP: 6/6
  3124 | D:4      | Found Sugur's Assorted Antiques.
  3459 | D:4      | Noticed an ogre
  3464 | D:4      | Killed an ogre
  3464 | D:4      | Reached XP level 6. HP: 33/53 MP: 7/7
  3472 | D:4      | Reached skill level 5 in Axes
  3670 | D:4      | Noticed Natasha
  3674 | D:4      | Found Xuoqanao's Magic Scroll Shoppe.
  3680 | D:4      | Killed Natasha
  3818 | D:4      | Bought a scroll of brand weapon for 200 gold pieces
  3856 | D:4      | Noticed Grinder
  3858 | D:4      | Paralysed by Grinder for 2 turns
  3862 | D:4      | Paralysed by Grinder for 4 turns
  3871 | D:4      | Killed Grinder
  3871 | D:4      | Reached XP level 7. HP: 34/60 MP: 8/8
  4003 | D:4      | Found an iron altar of Okawaru.
  4003 | D:4      | Found a shattered altar of Ashenzari.
  4004 | D:4      | Found a stormy altar of Qazlal.
  4014 | D:4      | Found a basalt altar of Yredelemnul.
  4059 | D:4      | Reached skill level 5 in Armour
  4074 | D:4      | Reached *** piety under Lugonu
  4224 | D:4      | Noticed Natasha
  4230 | D:4      | Killed Natasha
  4230 | D:4      | Reached skill level 5 in Fighting
  4289 | D:4      | Found a staircase to the Ecumenical Temple.
  4350 | D:4      | Noticed Natasha
  4362 | D:4      | Killed Natasha
  4362 | D:4      | Reached skill level 1 in Throwing
  4412 | D:5      | Entered Level 5 of the Dungeon
  5048 | D:6      | Found a glowing silver altar of Zin.
  5109 | D:6      | HP: 4/91 [orc priest/divine providence (14)]
  5110 | D:6      | Gained mutation: You possess an exceptional clarity of mind. [potion of mutation]
  5110 | D:6      | Gained mutation: You are partially covered in iridescent scales. (AC +2) [potion of mutation]
  5110 | D:6      | Gained mutation: You are somewhat resistant to further mutation. [potion of mutation]
  5112 | D:6      | Killed from afar by an orc priest

Skill      XL: |  1  2  3  4  5  6  7 |
---------------+----------------------+-----
Fighting       | 4 5 |  5.3
Axes           | 3 4 5 6 |  6.2
Invocations    | 2 3 4 |  4.4
Dodging        | 2 |  2.9
Armour         | 3 4 6 |  6.3
Throwing       | 1 |  1.0

Action                   |  1- 3 |  4- 6 |  7- 9 || total
-------------------------+-------+-------+-------++-------
Melee: Hand axe          |    84 |    16 |       ||   100
       Headbutt          |    10 |    16 |    16 ||    42
       War axe           |       |    79 |    89 ||   168
Throw: Javelin           |       |     3 |       ||     3
Invok: Depart the Abyss  |     1 |       |       ||     1
       Banish            |       |       |     1 ||     1
  Use: Scroll            |     3 |    11 |     8 ||    22
       Potion            |       |       |     3 ||     3
  Eat: Chunk             |     3 |     6 |     4 ||    13
Armor: Leather armour    |    43 |       |       ||    43
       Scale mail        |       |    41 |    15 ||    56
       Ring mail         |       |    11 |       ||    11
       Chain mail        |       |       |    55 ||    55
       Skin              |       |       |     8 ||     8
Dodge: Dodged            |    70 |    77 |    39 ||   186
